 Dungeon Crawl Stone Soup version 0.32-a0-607-g64ea0e4219 (webtiles) character file.

Game seed: 6479352626554036202

2222 xBlu3print the Basher (level 9, -1/75 HPs)
             Began as a Mountain Dwarf Fighter on Mar 1, 2024.
             Was an Initiate of Ashenzari.
             Killed by nerve-wracking pain
             ... invoked by an orc priest
              (7 damage)
             ... on level 6 of the Dungeon on Mar 4, 2024.
             The game lasted 00:29:00 (7875 turns).

xBlu3print the Basher (Mountain Dwarf Fighter)      Turns: 7875, Time: 00:29:01

Health: -1/75      AC: 16    Str: 24    XL:     9   Next: 13%
Magic:  9/9        EV:  7    Int:  8    God:    Ashenzari [......]
Gold:   260        SH:  0    Dex: 15    Spells: 8/8 levels left

rFire   . . .        a - +1 flail (heavy)
rCold   . . .        c - +0 buckler
rNeg    . . .        m - +0 plate armour
rPois   .            (no helmet)
rElec   .            (no cloak)
rCorr   .            (no gloves)
SInv    .            j - +2 pair of boots of the Visionary Sky {Comp, Dev} (curse)
Will    .....        (no amulet) Stlth
                     f - +6 ring of dexterity
HPRegen 0.32/turn    (no ring)
MPRegen 0.11/turn

%: no passive effects
@: confused, brilliant, lethally poisoned (-1 -> -4), ambrosia-drunk
A: runic magic, artefact enchanting
a: Renounce Religion, Curse Item, Shatter the Chains


You were on level 6 of the Dungeon.
You worshipped Ashenzari.
Ashenzari was noncommittal.
You visited 1 branch of the dungeon, and saw 6 of its levels.
You also visited: Sewer.

You collected 260 gold pieces.

Inventory:

Hand Weapons
 a - a +1 heavy flail (weapon)
 o - a +4 scythe
Missiles
 g - 5 atropa-tipped darts (quivered)
Armour
 c - a +0 buckler (worn)
 j - the cursed +2 pair of boots of the Visionary Sky (worn) {Comp, Dev}
   (You found it on level 1 of the Dungeon)

   It has a curse which improves the following skills: Companions: Summonings
   and Necromancy.
   Devices:   Evocations and Shapeshifting.
 m - a +0 plate armour (worn)
Jewellery
 d - an amulet of magic regeneration
 f - a +6 ring of dexterity (left hand)
 q - a +6 ring of strength
Wands
 b - a wand of mindburst (4)
 t - a wand of flame (18)
Scrolls
 e - a scroll of revelation
 h - a scroll of torment
 k - a scroll of amnesia
 l - a scroll of teleportation
 n - 5 scrolls of identify
 p - a scroll of noise {unknown}
 s - a scroll of fear {unknown}
Potions
 i - a potion of brilliance


   Skills:
 + Level 5.6 Fighting
 + Level 9.4 Maces & Flails
 + Level 7.9 Armour
 + Level 1.7 Dodging
 + Level 0.3 Stealth
 + Level 6.0 Shields


You had 8 spell levels left.
You didn't know any spells.
Your spell library contained the following spells:

 Spells                   Type           Power      Damage    Failure   Level
 Foxfire                  Conj/Fire      0%         2x1d4     67%         1
 Sandblast                Erth           0%         2d4       67%         1
 Sting                    Conj/Alch      0%         1d3       67%         1
 Cigotuvi's Dreadful Rot  Necr/Alch/Air  0%         N/A       82%         2
 Ensorcelled Hibernation  Hex/Ice        0%         N/A       82%         2
 Mercury Vapours          Alch/Air       0%         N/A       82%         2
 Frozen Ramparts          Ice            0%         1d1       96%         3
 Fugue of the Fallen      Necr           0%         N/A       96%         3
 Passwall                 Erth           0%         N/A       96%         3
 Stone Arrow              Conj/Erth      0%         3d7       96%         3
 Anguish                  Hex/Necr       0%         N/A       100%        4
 Brom's Barrelling Bould  Conj/Erth      0%         2d3       100%        4
 Dispel Undead            Necr           0%         3d6       100%        4
 Leda's Liquefaction      Alch/Erth      0%         N/A       100%        4
 Martyr's Knell           Necr/Summ      0%         N/A       100%        4
 Olgreb's Toxic Radiance  Alch           0%         N/A       100%        4
 Petrify                  Alch/Erth      0%         N/A       100%        4
 Metabolic Englaciation   Hex/Ice        0%         N/A       100%        5
 Death Channel            Necr           0%         N/A       100%        6
 Plasma Beam              Fire/Air       0%         2x1d10    100%        6
 Starburst                Conj/Fire      0%         6d3       100%        6


Dungeon Overview and Level Annotations

Branches:
Dungeon (6/15)             Temple (0/1) D:6           Sewer (visited)

Altars:
Ashenzari
Hepliaklqana
Kikubaaqudgha
Sif Muna
Trog
Yredelemnul

Annotations:
D:6 3 runed translucent doors, fly's ghost, novice KoDe


Innate Abilities, Weirdness & Mutations

Your spellcasting is much less encumbered by armour.
You can use scrolls of enchantment on lesser artefacts.


Message History

A puff of flame appears from out of thin air!
The puff of flame misses you.
The water moccasin bites you but does no damage.
The orc priest hits you but does no damage.
Something hits you but does no damage.
You bludgeon the water moccasin!!
You kill the water moccasin!
You feel very sick.
The orc priest mumbles some strange prayers to Beogh against you.
Beogh smites you! Something hits you but does no damage.
Your Shields skill increases to level 6!
You closely miss the orc priest.
You feel very sick.
The orc priest invokes the aid of Beogh against you.
Pain shoots through your body!
* * * LOW HITPOINT WARNING * * *
You hear some strange, mumbled words.
A puff of flame appears from out of thin air!
The puff of flame hits you!
* * * LOW HITPOINT WARNING * * *
You hear some strange, mumbled words.
A puff of flame appears from out of thin air!
The puff of flame hits you but does no damage.
The orc priest closely misses you.
* * * LOW HITPOINT WARNING * * *
You feel sick.
The orc priest hits you but does no damage.
You block something's attack.
You see here a +0 falchion.
You feel clever all of a sudden.
* * * LOW HITPOINT WARNING * * *
You feel sick.
The orc priest hits you but does no damage.
Something hits you but does no damage.
It was a potion of ambrosia.
You are confused.
You feel invigorated.
You feel sick.
The orc priest calls down the wrath of Beogh upon you.
Pain shoots through your body!
You die...

##### ....# ##+## '#### #
##...## .≈§≈##
####.#####.....## .≈§§≈##
#.......#.......##
§≈§§§§###....##.o{.......#
.§≈§≈≈≈##..(....@).......+
.≈§§§§≈≈##...##..##+++##.#
.≈§≈§§≈≈≈# #.##WKKK.###
)≈≈≈§§≈≈≈######.#K#KK.#.#
)≈≈≈§≈≈§≈#......#KK#K#.⌠#
≈§.......'.######K#...#.#
≈.§§§....'.#....##.....##
.≈≈≈≈§§§≈###.#### # ..##
.§≈§§≈§§≈# #.# #####
######


You could see 10 kobold brigands, an orc priest and fly's ghost.

Vanquished Creatures
  Sigmund (D:2)
  A yak (D:6)
  Edmund (D:6)
  A water moccasin (D:6)
  Pargi (Sewer)
  A black bear (D:6)
  3 ogres (D:5)
  2 centaurs (D:6)
  A brain worm (Sewer)
  A gnoll sergeant (D:6)
  4 scorpions
  A howler monkey (D:6)
  3 jellies
  2 bombardier beetles
  2 hounds (D:6)
  2 sleepcaps
  Jessica (D:3)
  2 iguanas
  Natasha (thrice) (D:2)
  6 gnolls (D:6)
  4 adders
  A shadow imp (D:6)
  3 white imps (D:6)
  6 ufetubi
  7 dart slugs
  A ribbon worm (D:5)
  5 orcs
  3 bat zombies (D:3)
  7 endoplasms
  4 giant cockroaches
  7 goblins
  6 hobgoblins
  2 jackals (D:5)
  5 quokkas
  7 ball pythons
  5 bats
  3 frilled lizards
  A frilled lizard zombie (D:3)
  14 kobolds
  6 rats
136 creatures vanquished.

Notes
Turn   | Place    | Note
-------+----------+-------------------------------------------
     0 | D:1      | xBlu3print the Mountain Dwarf Fighter began the quest for
                  | the Orb.
     0 | D:1      | Reached XP level 1. HP: 19/19 MP: 1/1
   248 | D:1      | Reached XP level 2. HP: 22/26 MP: 2/2
  1027 | D:2      | Noticed Sigmund
  1035 | D:2      | Killed Sigmund
  1036 | D:2      | Reached skill level 4 in Maces & Flails
  1036 | D:2      | Reached XP level 3. HP: 17/33 MP: 3/3
  1036 | D:2      | Reached XP level 4. HP: 21/40 MP: 4/4
  1036 | D:2      | Reached XP level 5. HP: 24/46 MP: 5/5
  1205 | D:2      | Noticed Natasha
  1217 | D:2      | Killed Natasha
  1246 | D:2      | Noticed Natasha
  1259 | D:2      | Killed Natasha
  1343 | D:2      | Noticed Natasha
  1352 | D:2      | Killed Natasha
  1353 | D:2      | Reached skill level 5 in Maces & Flails
  1417 | D:2      | Reached skill level 1 in Dodging
  1443 | D:2      | Found a faded altar of an unknown god.
  1443 | D:2      | Noticed a Hell Sentinel
  1463 | D:2      | Prayed at the altar of an unknown god.
  1463 | D:2      | Became a worshipper of Ashenzari the Shackled
  1690 | D:2      | Found a hazy altar of Hepliaklqana.
  2161 | D:3      | Reached XP level 6. HP: 32/52 MP: 6/6
  3101 | D:3      | Found a bloodstained altar of Trog.
  3282 | D:3      | Noticed Jessica
  3286 | D:3      | Killed Jessica
  3324 | D:3      | Found an ancient bone altar of Kikubaaqudgha.
  3870 | D:4      | Reached skill level 6 in Maces & Flails
  4140 | D:4      | Found a basalt altar of Yredelemnul.
  4181 | D:4      | Found a shimmering blue altar of Sif Muna.
  4323 | D:4      | Reached XP level 7. HP: 41/60 MP: 7/7
  4641 | D:4      | Reached skill level 5 in Armour
  4655 | D:4      | Upgraded the game from 0.32-a0-572-g3e1049bc92 to
                  | 0.32-a0-607-g64ea0e4219
  5202 | D:5      | Entered Level 5 of the Dungeon
  5285 | D:5      | Found a glowing drain.
  5302 | Sewer    | Entered a sewer
  5371 | Sewer    | Noticed Pargi
  5374 | Sewer    | Killed Pargi
  5461 | Sewer    | Reached skill level 7 in Maces & Flails
  5637 | D:5      | Reached XP level 8. HP: 44/67 MP: 8/8
  5665 | D:5      | Reached skill level 5 in Fighting
  5909 | D:5      | Reached skill level 8 in Maces & Flails
  6446 | D:6      | Noticed Edmund
  6452 | D:6      | Reached skill level 5 in Shields
  6463 | D:6      | Killed Edmund
  6471 | D:6      | Reached skill level 9 in Maces & Flails
  6659 | D:6      | Found a staircase to the Ecumenical Temple.
  7062 | D:6      | Reached XP level 9. HP: 53/74 MP: 9/9
  7853 | D:6      | Found a runed translucent gate.
  7853 | D:6      | Found a runed translucent gate.
  7853 | D:6      | Found a runed translucent gate.
  7854 | D:6      | Noticed fly's ghost (novice KoDe)
  7873 | D:6      | HP: 3/75 [poisoned by a water moccasin]
  7875 | D:6      | Killed from afar by an orc priest

Illustrated notes

Levels and vault maps discovered:
D:1:      dpeg_arrival_water_fire, layout_basic
D:2:      layout_loops_cross, dreamdust_ecumenical_altar_sealed_demon,
          basic_altar, uniq_sigmund, uniq_natasha
D:3:      layout_basic, lemuel_zombie_altar_kikubaaqudgha, trog_book,
          minmay_distorted, uniq_jessica
D:4:      layout_basic, mainiacjoe_overflow_catch_the_wave, sigmund_army
D:5:      layout_loops_ring, gup_sewer_entry_bubbles
D:6:      kennysheep_big_flooded_room, layout_loops_corners,
          minmay_temple_entry_junction, gammafunk_ghost_nasty_kobolds,
          chequers_serial_rivers_large_b, grunt_ministairs_3,
          uniq_crazy_yiuf_cottage, uniq_edmund, uniq_maggie

Skill      XL: |  1  2  3  4  5  6  7  8  9 |
---------------+----------------------------+-----
Fighting       | 4 5 |  5.6
Maces & Flails | 4 5 6 7 9 |  9.4
Armour         | 4 6 7 |  7.9
Dodging        | 1 |  1.7
Shields        | 4 5 6 |  6.0
Stealth        | |  0.3

Action                     |  1- 3 |  4- 6 |  7- 9 || total
---------------------------+-------+-------+-------++-------
  Melee: Flail             |    69 |   164 |   217 ||   450
 Invoke: Curse Item        |       |     1 |       ||     1
    Use: Scroll            |     3 |     8 |       ||    11
         Potion            |     1 |     2 |     5 ||     8
 Armour: Scale mail        |   109 |    79 |       ||   188
         Plate armour      |       |    37 |   456 ||   493
  Dodge: Dodged            |    42 |    73 |   171 ||   286
  Block: Buckler           |    23 |    45 |   120 ||   188
         Form:             |       |     1 |       ||     1
         Maw               |       |     1 |       ||     1

Table legend: (Time is in decaauts)
 A = Elapsed time spent in this place.
 B = Non-inter-level travel time spent in this place.
 C = Inter-level travel time spent in this place.
 D = Time resting spent in this place.
 E = Time spent auto-exploring this place.
 F = Levels seen in this place.
 G = Mean time per level.
                   A        B        C        D        E       F      G
               +--------+--------+--------+--------+--------+-----+--------+
         Total |   8190 |   8190 |      0 |   1287 |   4084 |   7 | 1170.0 |
       Dungeon |   7948 |   7948 |      0 |   1287 |   4084 |   6 | 1324.7 |
         Sewer |    241 |    241 |      0 |      0 |      0 |   1 |  241.0 |
               +--------+--------+--------+--------+--------+-----+--------+

Top non-repeatable levels by time:
     D:3: 1783 daAuts
     D:6: 1607 daAuts
     D:4: 1283 daAuts
     D:2: 1218 daAuts
     D:1: 1046 daAuts
     D:5: 1009 daAuts
   Sewer: 241 daAuts
